 Dungeon Crawl Stone Soup version 0.27-a0-1281-ge233d83751 (webtiles) character file.

Game seed: 8977139508331439593

3663 27snakeeyes612 the Skirmisher (level 10, 0/55 HPs)
             Began as a Vine Stalker Fighter on June 14, 2021.
             Was a Priest of Makhleb.
             Slain by an orc knight (11 damage)
             ... in a bailey.
             The game lasted 00:07:57 (5408 turns).

27snakeeyes612 the Skirmisher (VSFi)                Turns: 5408, Time: 00:07:58

Health: 0/55       AC: 11    Str: 21    XL:     10   Next: 12%
Magic:  0/11       EV:  6    Int:  8    God:    Makhleb [***...]
Gold:   156        SH: 11    Dex: 18    Spells: 9/9 levels left

rFire    . . .     SeeInvis .   z - +7 broad axe of Toacyim {freeze, Dex+3}
rCold    . . .     Faith    .   c - +0 kite shield
rNeg     + . .     Spirit   +   r - +0 chain mail
rPois    .         Reflect  .   i - +0 helmet
rElec    .         Harm     .   (no cloak)
rCorr    .         Rampage  .   (no gloves)
Will     ++...                  (no boots)
Stlth    ..........             (no amulet)
HPRegen  1.18/turn              m - ring of positive energy
MPRegen  0.12/turn              y - ring of willpower

@: no status effects
A: fangs 3, regeneration 1, magic shield, antimagic bite, no potion heal 2
a: Renounce Religion, Minor Destruction, Lesser Servant of Makhleb


You were in a bailey.
You worshipped Makhleb.
Makhleb was most pleased with you.
You visited 1 branch of the dungeon, and saw 8 of its levels.
You also visited: Bailey.

You collected 320 gold pieces.
You spent 164 gold pieces at shops.

Inventory:

Hand Weapons
 a - a +2 war axe of electrocution
 n - a +0 flail of venom
 z - the +7 broad axe of Toacyim (weapon) {freeze, Dex+3}
   (You acquired it on level 8 of the Dungeon)

   It has been specially enchanted to freeze those struck by it, causing extra
   injury to most foes and up to half again as much damage against particularly
   susceptible opponents.
   It can also slow down cold-blooded creatures.
   It affects your dexterity (+3).
Missiles
 l - a throwing net
Armour
 b - a +0 scale mail
 c - a +0 kite shield (worn)
 i - a +0 helmet (worn)
 r - a +0 chain mail (worn)
Jewellery
 m - a ring of positive energy (left hand)
 o - an amulet of guardian spirit
 y - a ring of willpower (right hand)
 B - a +4 ring of protection
Wands
 v - a wand of flame (9) (quivered)
Scrolls
 d - a scroll of enchant weapon
 e - 3 scrolls of teleportation
 f - 4 scrolls of identify
 h - a scroll of blinking
 s - a scroll of amnesia
Potions
 g - a potion of mutation
 j - 2 potions of ambrosia
 k - a potion of heal wounds
 p - a potion of brilliance
 q - a potion of cancellation
 t - a potion of might
 u - a potion of degeneration
 w - a potion of curing
 x - 2 potions of attraction {unknown}
 A - a potion of haste {unknown}


   Skills:
 + Level 7.1 Fighting
 + Level 6.7 Axes
 + Level 6.5 Armour
 - Level 0.1 Dodging
 + Level 6.9 Shields


You had 9 spell levels left.
You didn't know any spells.
Your spell library contained the following spells:

 Spells                   Type           Power      Damage    Failure   Level
 Animate Skeleton         Necr           0%         N/A       100%        1
 Apportation              Tloc           0%         N/A       100%        1
 Beastly Appendage        Tmut           0%         N/A       100%        1
 Corona                   Hex            0%         N/A       100%        1
 Sandblast                Erth           0%         2d4       100%        1
 Summon Small Mammal      Summ           0%         N/A       100%        1
 Passwall                 Tmut/Erth      0%         N/A       100%        2
 Wereblood                Tmut           0%         N/A       100%        2
 Spider Form              Tmut/Pois      0%         N/A       100%        3
 Stone Arrow              Conj/Erth      0%         3d7       100%        3
 Ice Form                 Ice/Tmut       0%         N/A       100%        4
 Petrify                  Tmut/Erth      0%         N/A       100%        4
 Lee's Rapid Deconstruct  Erth           0%         3d5*      100%        5


Dungeon Overview and Level Annotations

Branches:
Dungeon (8/15)             Temple (0/1) D:5          Bailey (1/1)
   Lair: D:8-11

Altars:
Cheibriados
Makhleb
Ru
Sif Muna
Xom
The Shining One

Shops:
D:1 *   D:4 ?   D:6 *


Innate Abilities, Weirdness & Mutations

You have razor-sharp teeth.
Your natural rate of healing is unusually fast.
When hurt, damage is shared between your health and your magic reserves.
Your bite disrupts and absorbs the magic of your enemies.
Potions cannot restore your health.


Message History

You bite the orc knight, but do no damage.
The orc knight is heavily wounded.
The kobold throws a boomerang.
You block the boomerang.
The kobold throws a boomerang.
You block the boomerang.
The orc knight hits you with a +0 war axe!!
The kobold throws a boomerang.
The boomerang hits you but does no damage.
The kobold throws a boomerang.
The boomerang barely misses you. You block the orc knight's attack.
You hit the orc knight but do no damage.
You bite the orc knight, but do no damage.
The orc knight is heavily wounded.
You block the orc knight's attack.
The kobold throws a boomerang.
You block the boomerang.
Okay, then.
The kobold throws a boomerang.
You block the boomerang.
The kobold throws a boomerang.
The boomerang hits you.
The kobold throws a boomerang.
The boomerang barely misses you.
There is an open door here.
A kobold comes into view.
The kobold shouts!
The kobold throws a boomerang.
You block the boomerang.
You hit the orc knight but do no damage.
The orc knight is moderately wounded.
The orc knight barely misses you.
You hit the orc knight. You freeze the orc knight.
You bite the orc knight, but do no damage.
The orc knight is heavily wounded.
The orc knight hits you with a +0 war axe.
The kobold throws a boomerang.
The boomerang hits you.
The orc knight hits you with a +0 war axe!!
* * * LOW HITPOINT WARNING * * *
You slice the orc knight!! You freeze the orc knight.
Your bite misses the orc knight.
The orc knight is severely wounded.
You hit the kobold. You freeze the kobold.
You kill the kobold!
Makhleb accepts your kill.
The orc knight hits you with a +0 war axe!
You die...

. #...K.....##...## ..
#...K.K.##.....## ...
#≈≈≈≈≈##...8...## .8..
#≈≈≈≈≈#.........##
.....#≈≈≈≈≈#..........#
.....(.g.Kg'.g..8..8..#≈≈♣
.....#########K.......#≈≈♣
..## #≈≈ ##og....##≈≈♣
...) #.@...##...♣
...?≈#....##....♣
..8.8##.K..#.....♣♣
....g#....('......♣
∩....#....))(..∩.∩♣
.....#.....(......♣
..8.8##..))#.....♣♣
....?g#....##....♣
....}≈#.....##...♣


You could see an orc knight, 2 gnolls, 2 hobgoblins and 2 kobolds.

Vanquished Creatures
  An unseen horror (D:7)
  Grinder (D:5)
  4 yaks
  A steam dragon (D:6)
  A water moccasin (D:6)
  An ice beast (D:8)
  2 orc warriors (D:7)
  A sky beast (D:6)
  A necrophage (D:4)
  3 ogres
  2 phantoms
  A centaur (D:6)
  A kobold brigand (D:7)
  3 bullfrogs
  A water moccasin zombie (D:5)
  A scorpion (D:7)
  A wyvern skeleton (D:7)
  A water moccasin skeleton (D:5)
  A centaur zombie (D:5)
  A jelly (D:5)
  A hound (D:5)
  2 bullfrog skeletons
  4 orc priests
  A gnoll shaman (D:7)
  2 centaur skeletons (D:5)
  2 iguanas (D:5)
  3 orc wizards
  2 hound zombies (D:5)
  A howler monkey zombie (D:5)
  2 hound skeletons
  20 adders
  5 gnolls
  A howler monkey skeleton (D:7)
  A shadow imp (D:8)
  2 white imps
  3 worms
  2 dart slugs (D:3)
  29 orcs
  13 endoplasms
  4 giant cockroaches
  15 goblins
  2 hobgoblins
  6 jackals
  4 quokkas
  6 ball pythons
  3 bats
  3 frilled lizards
  23 kobolds
  3 rats
194 creatures vanquished.

Notes
Turn   | Place    | Note
-------+----------+-------------------------------------------
     0 | D:1      | 27snakeeyes612 the Vine Stalker Fighter began the quest for
                  | the Orb.
     0 | D:1      | Reached XP level 1. HP: 11/11 MP: 2/2
    88 | D:1      | Reached skill level 3 in Fighting
    89 | D:1      | Reached XP level 2. HP: 5/16 MP: 3/3
   438 | D:1      | Reached XP level 3. HP: 5/20 MP: 2/4
   714 | D:1      | Found Foewice's General Store.
   723 | D:1      | You fall into a shaft and drop 1 floor!
  1331 | D:2      | Gained mutation: Your natural rate of healing is unusually
                  | fast. [Vine Stalker growth]
  1331 | D:2      | Reached XP level 4. HP: 13/24 MP: 2/5
  1885 | D:3      | Reached XP level 5. HP: 24/28 MP: 6/6
  2191 | D:3      | Reached XP level 6. HP: 33/33 MP: 7/7
  2408 | D:3      | Found a burning altar of Makhleb.
  2422 | D:3      | Became a worshipper of Makhleb the Destroyer
  2535 | D:4      | Found Zyolutzazoj's Magic Scroll Emporium.
  2617 | D:4      | Found a shimmering altar of Xom.
  2630 | D:4      | Noticed a necrophage
  2655 | D:4      | Killed a necrophage
  2656 | D:4      | Reached skill level 4 in Fighting
  2724 | D:5      | Entered Level 5 of the Dungeon
  2789 | D:5      | Reached XP level 7. HP: 25/37 MP: 4/8
  3069 | D:5      | Found a glowing golden altar of the Shining One.
  3107 | D:5      | Gained mutation: You have razor-sharp teeth. [Vine Stalker
                  | growth]
  3107 | D:5      | Reached XP level 8. HP: 42/42 MP: 9/9
  3144 | D:5      | Found a staircase to the Ecumenical Temple.
  3289 | D:4      | Reached skill level 5 in Fighting
  3333 | D:4      | Found a snail-covered altar of Cheibriados.
  3341 | D:4      | Reached * piety under Makhleb
  3817 | D:4      | Bought a scroll of enchant weapon for 82 gold pieces
  3817 | D:4      | Bought a scroll of enchant weapon for 82 gold pieces
  3909 | D:5      | Reached skill level 5 in Shields
  4015 | D:6      | Noticed a yak
  4016 | D:6      | Noticed a yak
  4016 | D:6      | Noticed a yak
  4016 | D:6      | Noticed a yak
  4019 | D:6      | Noticed Grinder
  4034 | D:5      | Killed a yak
  4049 | D:5      | Killed a yak
  4050 | D:5      | Reached skill level 5 in Axes
  4050 | D:5      | Reached skill level 5 in Armour
  4050 | D:5      | Killed a yak
  4051 | D:5      | Reached XP level 9. HP: 30/48 MP: 6/10
  4086 | D:6      | Reached skill level 6 in Fighting
  4108 | D:5      | Killed Grinder
  4300 | D:6      | Found Zoxkegguek's Serpentskin Sales.
  4409 | D:6      | Reached ** piety under Makhleb
  4826 | D:7      | Found a sacrificial altar of Ru.
  5151 | D:7      | Killed an unseen horror
  5152 | D:7      | Reached skill level 7 in Fighting
  5152 | D:7      | Reached XP level 10. HP: 44/55 MP: 8/11
  5287 | D:8      | Found a shimmering blue altar of Sif Muna.
  5288 | D:8      | Identified a scroll of acquirement
  5288 | D:8      | Acquired the +7 broad axe of Toacyim {freeze, Dex+3}
  5330 | D:8      | Found a flagged portal.
  5342 | Bailey   | Entered a bailey
  5347 | Bailey   | Noticed an orc warlord
  5367 | Bailey   | Reached *** piety under Makhleb
  5386 | Bailey   | Noticed an orc knight
  5408 | Bailey   | Slain by an orc knight

Illustrated notes

Levels and vault maps discovered:
D:1:      dpeg_arrival_tiny_k, layout_rooms, serial_shops,
          nicolae_shop_temple_entry_statues_fountains
D:2:      kennysheep_six_static_rooms, layout_basic
D:3:      layout_loops_ring, overflow_temple_1_default, minmay_circle_x
D:4:      layout_rooms, kennysheep_mini, general_overflow_altar, serial_shops,
          nicolae_shop_crystal
D:5:      layout_basic, old_standard_altar, temple_green, serial_undead,
          serial_undead_a, serial_undead_d, serial_undead_a, serial_undead_a
D:6:      layout_cave_pools, nrook_campfire, kb_lookout_dungeons_type,
          guppyfry_shop_venom, uniq_grinder
D:7:      layout_loops_cross, nicolae_ru_sacrificial_ziggurat
D:8:      layout_rooms, overflow_temple_1_default, overflow_temple_1_default,
          enter_bailey_4
Bailey:   bailey_axe_bossmonster_kennysheep, bailey

Skill      XL: |  1  2  3  4  5  6  7  8  9 |
---------------+----------------------------+-----
Fighting       | 3 4 5 7 |  7.1
Axes           | 2 3 4 5 6 |  6.7
Shields        | 3 4 5 6 |  6.9
Armour         | 3 4 5 6 |  6.5
Dodging        | |  0.1

Action                   |  1- 3 |  4- 6 |  7- 9 | 10-12 || total
-------------------------+-------+-------+-------+-------++-------
Melee: War axe           |    73 |   176 |   235 |     4 ||   488
       Bite              |     7 |    44 |    80 |     9 ||   140
       Broad axe         |       |       |       |    32 ||    32
Throw: Boomerang         |       |     2 |       |       ||     2
Evoke: Wand              |       |       |     4 |       ||     4
  Use: Potion            |     1 |       |       |       ||     1
       Scroll            |       |       |    15 |     1 ||    16
Armor: Scale mail        |    47 |    76 |    64 |       ||   187
       Chain mail        |       |       |    60 |    17 ||    77
Dodge: Dodged            |    36 |    46 |    78 |    14 ||   174
Block: Kite shield       |    51 |    96 |   135 |    40 ||   322

Table legend: (Time is in decaauts)
 A = Elapsed time spent in this place.
 B = Non-inter-level travel time spent in this place.
 C = Inter-level travel time spent in this place.
 D = Time resting spent in this place.
 E = Time spent auto-exploring this place.
 F = Levels seen in this place.
 G = Mean time per level.
                   A        B        C        D        E       F      G
               +--------+--------+--------+--------+--------+-----+--------+
         Total |   5687 |   5423 |    264 |    165 |   3792 |   9 |  631.9 |
       Dungeon |   5613 |   5349 |    264 |    165 |   3792 |   8 |  701.6 |
        Bailey |     73 |     73 |      0 |      0 |      0 |   1 |   73.0 |
               +--------+--------+--------+--------+--------+-----+--------+

Top non-repeatable levels by time:
     D:1: 1109 daAuts
     D:5: 901 daAuts
     D:2: 789 daAuts
     D:3: 781 daAuts
     D:6: 759 daAuts
     D:7: 641 daAuts
     D:4: 575 daAuts
  Bailey: 73 daAuts
     D:8: 55 daAuts
